Map: Dreamcatcher LE

Players

ShoWTimE - Winner!

  • Race: Protoss Protoss
  • Spawn Location: 5:00

SortOf

  • Race: Zerg Zerg
  • Spawn Location: 11:00

Event: WCS Valencia 2018

VOD

Have the link to the VOD?

Description

Time

  • Played on: July 12, 2018, 12:03 p.m.
  • Length: 8:55

All games in this series

Show
View Real Time Build Order
Export as new Build Order

ShoWTimE Protoss - Winner!

Build Orders: 1 Gate Expand, Oracle Opening, Zealot Archon 

Get SALT Encoding   

  12  0:00  Probe  
  13  0:12  Probe  
  14  0:18  Pylon  
  14  0:24  Probe  
  15  0:32  Probe  
  15  0:40  Probe  
  15  0:41  Gateway  
  16  0:46  Assimilator  
  17  0:51  Probe  
  18  1:03  Probe  
  19  1:15  Probe  
  20  1:25  Nexus  
  20  1:36  Cybernetics Core  
  20  1:38  Probe  
  21  1:46  Assimilator  
  21  1:50  Probe  
  21  1:53  Pylon  
  22  2:02  Probe  
  22  2:03  Adept  
  23  2:15  Warp Gate, Probe  
  26  2:17  Stargate  
  26  2:27  Probe  
  26  2:29  Adept  
  27  2:35  Probe  
  29  2:39  Probe  
  29  2:43  Probe  
  31  2:50  Oracle  
  31  2:51  Probe x2  
  34  3:03  Probe  
  38  3:06  Gateway  
  38  3:08  Probe  
  39  3:15  Shield Battery, Probe  
  39  3:19  Oracle  
  40  3:21  Shield Battery  
  41  3:33  Adept  
  44  3:37  Probe, Pylon  
  44  3:38  Probe  
  45  3:49  Probe  
  45  3:54  Pylon  
  45  3:55  Probe  
  47  4:01  Probe  
  47  4:02  Oracle  
  53  4:05  Pylon  
  53  4:07  Probe  
  54  4:13  Probe  
  54  4:16  Assimilator  
  53  4:18  Assimilator  
  53  4:21  Gateway  
  53  4:22  Sentry, Adept  
  57  4:24  Cybernetics Core  
  57  4:25  Probe  
  57  4:28  Probe  
  59  4:36  Phoenix  
  59  4:37  Probe  
  60  4:40  Probe  
  63  4:49  Pylon, Probe  
  65  4:52  Probe  
  65  4:58  Pylon  
  65  5:01  Adept x2  
  69  5:07  Probe x2  
  71  5:20  Robotics Facility  
  68  5:24  Adept x3  
  74  5:32  Pylon  
  74  5:34  Nexus  
  74  5:36  Probe x2  
  76  5:44  Sentry  
  76  5:45  Sentry  
  76  5:48  Probe x2  
  82  5:57  Forge  
  82  5:58  Warp Prism  
  82  6:00  Twilight Council, Probe x2  
  84  6:07  Shield Battery  
  84  6:09  Pylon  
  86  6:12  Probe x2  
  86  6:14  Protoss Ground Weapons Level 1  
  88  6:22  Charge  
  88  6:24  Gateway, Probe x2  
  90  6:25  Gateway  
  90  6:31  Gateway  
  90  6:34  Adept  
  90  6:35  Adept x2  
  90  6:36  Probe  
  90  6:37  Probe  
  97  6:54  Gateway  
  97  6:55  Gateway  
  97  6:57  Templar Archives  
  97  7:00  Photon Cannon  
  97  7:06  Probe x2  
  97  7:07  Probe  
  100  7:10  Gateway  
  100  7:11  Gateway  
  100  7:16  Warp Prism  
  102  7:29  Zealot x5  
  110  7:33  Pylon  
  110  7:34  Probe x2  
  110  7:35  Probe  
  111  7:40  Pylon  
  111  7:43  Assimilator  
  111  7:46  High Templar, Pylon  
  111  7:48  Assimilator  
  111  7:49  High Templar x2  
  117  7:52  Pylon  
  117  7:53  High Templar x4  
  117  7:54  Archon  
  117  7:56  Pylon  
  117  7:57  Archon x2  
  125  8:04  Shield Battery  
  125  8:05  High Templar  
  125  8:07  Photon Cannon  
  125  8:10  Shield Battery  
  127  8:13  Archon  
  127  8:19  Photon Cannon  
  127  8:21  Shield Battery, Pylon  
  127  8:23  Zealot  
  127  8:24  Zealot x4  
  137  8:39  Zealot x2  
  135  8:46  Zealot x2  
  135  8:47  Zealot  
Show
View Real Time Build Order
Export as new Build Order

SortOf Zerg 

Build Orders: Hatch First 

Get SALT Encoding   

  12  0:01  Drone  
  13  0:12  Overlord  
  13  0:16  Drone  
  14  0:30  Drone  
  15  0:44  Hatchery  
  15  0:48  Drone  
  15  0:51  Extractor  
  15  0:54  Drone  
  15  1:10  Spawning Pool  
  14  1:13  Drone  
  14  1:17  Drone  
  16  1:22  Drone  
  17  1:29  Drone  
  18  1:46  Drone  
  19  1:51  Overlord  
  19  1:57  Queen  
  19  1:58  Metabolic Boost  
  21  2:02  Zergling x2  
  21  2:05  Zergling x2  
  23  2:11  Zergling x2  
  23  2:12  Zergling x2  
  25  2:19  Zergling x4  
  27  2:35  Zergling x2  
  27  2:36  Zergling x2  
  29  2:44  Overlord, Queen  
  29  2:48  Zergling x2  
  29  2:51  Zergling x2  
  33  2:54  Zergling x2  
  33  3:01  Overlord  
  33  3:04  Zergling x2  
  34  3:15  Zergling x4  
  37  3:27  Zergling x4  
  37  3:33  Zergling x4  
  35  3:45  Zergling x4  
  36  3:48  Drone x2  
  36  3:49  Drone  
  38  3:55  Drone  
  38  3:56  Drone x2  
  38  3:59  Hatchery  
  38  4:04  Drone  
  38  4:09  Drone x2  
  40  4:15  Drone x2  
  41  4:17  Drone x2  
  41  4:26  Drone x3  
  41  4:27  Drone  
  44  4:32  Spore Crawler  
  44  4:33  Spore Crawler  
  44  4:36  Queen  
  44  4:42  Drone x2  
  44  4:44  Overlord  
  46  4:48  Drone x2  
  46  4:52  Queen  
  50  4:55  Drone  
  50  4:59  Evolution Chamber  
  50  5:03  Drone  
  50  5:04  Drone x3  
  50  5:05  Drone  
  47  5:15  Drone x2  
  47  5:23  Drone x7  
  54  5:30  Overlord  
  54  5:32  Overlord  
  54  5:39  Zergling x6  
  57  5:48  Queen  
  58  5:50  Zergling x10  
  61  5:57  Queen  
  61  6:02  Zergling x6  
  61  6:04  Overlord  
  66  6:09  Overlord  
  66  6:12  Overlord  
  66  6:17  Zerg Melee Weapons Level 1  
  63  6:19  Drone x4  
  65  6:26  Drone x2  
  65  6:27  Drone  
  65  6:32  Drone x2  
  68  6:40  Drone x4  
  68  6:41  Drone  
  68  6:45  Extractor  
  72  6:51  Overlord  
  72  6:53  Extractor  
  71  6:54  Baneling Nest  
  71  6:58  Overlord  
  70  7:01  Overlord  
  70  7:02  Overlord  
  70  7:03  Zergling x6  
  73  7:09  Zergling x8  
  73  7:10  Spore Crawler  
  74  7:26  Drone  
  74  7:27  Drone  
  73  7:31  Zergling x2  
  73  7:32  Zergling x16  
  81  7:42  Queen x2  
  85  7:46  Zergling x8  
  89  7:59  Overlord  
  89  8:02  Zergling x12  
  95  8:07  Baneling  
  95  8:08  Baneling x11  
  95  8:09  Baneling  
  95  8:10  Baneling  
  95  8:17  Baneling x6  
  95  8:22  Zergling x6  
  95  8:23  Zergling x2  
  95  8:26  Zergling x2  
  100  8:31  Zergling x4  
  100  8:33  Zergling x2  
  100  8:34  Zergling x2  
Tags
 
Add a new tag
Caveats
  • Supply blocks, unpowered buildings, or Contaminate may cause inaccurate times.
  • Supply counts are checked every 10 seconds.